 Dungeon Crawl Stone Soup version 0.22-a0-21-g9421e3f (webtiles) character file.

456 Alarkh the Slasher (level 6, -3/70 HPs)
             Began as a Demonspawn Berserker on Jan 2, 2018.
             Was a Believer of Trog.
             Slain by a killer bee (9 damage)
             ... on level 4 of the Dungeon.
             The game lasted 00:05:12 (4326 turns).

Alarkh the Slasher (Demonspawn Berserker)           Turns: 4326, Time: 00:05:13

Health: -3/70      AC:  4    Str: 22    XL:     6   Next: 77%
Magic:  6/6        EV: 12    Int: 11    God:    Trog [**....]
Gold:   139        SH:  0    Dex: 12    Spells: 5/5 levels left

rFire    . . .     SeeInvis .   a - +0 falchion
rCold    . . .     Gourm    .   (no shield)
rNeg     . . .     Faith    .   b - +0 animal skin
rPois    .         Spirit   .   (no helmet)
rElec    .         Reflect  .   n - +1 cloak
rCorr    .         Harm     .   (no gloves)
MR       .....                  (no boots)
Stlth    ..........             (no amulet)
HPRegen  0.21/turn              m - ring of stealth
MPRegen  0.10/turn              (no ring)

@: berserking, lethally poisoned (-3 -> -11), very quick
A: claws 1, powered by death 1
a: Berserk, Trog's Hand, Burn Spellbooks, Renounce Religion


You were on level 4 of the Dungeon.
You worshipped Trog.
Trog was pleased with you.
You were not hungry.

You visited 1 branch of the dungeon, and saw 4 of its levels.

You collected 139 gold pieces.

Inventory:

Hand Weapons
 a - a +0 falchion (weapon)
 p - a +0 quarterstaff
Armour
 b - a +0 animal skin (worn)
 n - a +1 cloak (worn)
Jewellery
 m - a ring of stealth (left claw)
Wands
 k - a wand of paralysis (18)
Scrolls
 e - a scroll of identify
 f - a scroll of enchant armour
 g - 3 scrolls of enchant weapon {unknown}
 h - 2 scrolls of teleportation
 i - a scroll of immolation {unknown}
 l - a scroll of fog {unknown}
 o - a scroll of random uselessness {unknown}
 q - a scroll of fear {unknown}
Potions
 d - 3 potions of flight
 j - 2 potions of heal wounds
Comestibles
 c - 5 rations


   Skills:
 - Level 3.0 Fighting
 + Level 7.1 Long Blades
 - Level 1.7 Armour
 - Level 1.7 Dodging


You had 5 spell levels left.
You didn't know any spells.

Dungeon Overview and Level Annotations

Branches:
Dungeon (4/15)
 Temple: D:4-7

Altars:
Uskayaw

Annotations:
D:1 1 exclusion


Innate Abilities, Weirdness & Mutations

You have sharp fingernails.
You regenerate a little health from kills.


Message History

You feel sick. The killer bee stings you.
* * * LOW HITPOINT WARNING * * *
The killer bee stings you.
* * * LOW HITPOINT WARNING * * *
You are more poisoned.
The killer bee poisons you!
The orc throws a tomahawk.
The tomahawk closely misses you. The killer bee closely misses you.
You riposte.
You miss the killer bee.
The killer bee is moderately wounded.
You slash the killer bee!
The killer bee is almost dead.
You feel sick. The killer bee stings you!
* * * LOW HITPOINT WARNING * * *
The killer bee stings you.
* * * LOW HITPOINT WARNING * * *
Unknown command.
You closely miss the killer bee.
The killer bee is almost dead.
The killer bee stings you!
You die...

#.# #.......# #.#
#.......# #.#
#######.......#
###.#
#.............#
....#
#.............#
#####
#......####...#
#......# ##..#
#####....y.#
###..####
#.....o..@(#
#.......#
#.......y.<#
#.......###
###........(.#
#...>.....#
######.........##.#
#.......#.#
....##.#.......##.#
#########.#
###.##.#.......##.#
#.#
..#.##.#.......##.#
#.#
.......#.......##.#
#.#
###.####.########.#
#.#


You could see 2 killer bees and an orc.

Vanquished Creatures
  An ogre (D:4)
  The ghost of OnekoMk1 the Digger, an amateur DEEE (D:3)
  3 killer bees (D:4)
  A howler monkey (D:4)
  A hound skeleton (D:4)
  3 adders
  2 oozes (D:2)
  2 worms
  3 dart slugs
  A leopard gecko (D:2)
  2 orcs (D:3)
  14 bats
  3 giant cockroaches
  9 goblins
  8 hobgoblins
  6 jackals
  4 kobolds
  3 quokkas
  5 frilled lizards
  A leopard gecko skeleton (D:4)
  A quokka skeleton (D:4)
  5 rats
79 creatures vanquished.

Notes
Turn   | Place    | Note
-------+----------+-------------------------------------------
     0 | D:1      | Alarkh the Demonspawn Berserker began the quest for the Orb.
     0 | D:1      | Reached XP level 1. HP: 18/18 MP: 1/1
   215 | D:1      | Reached skill level 3 in Long Blades
   247 | D:1      | Gained mutation: You regenerate a little health from kills. [demonic ancestry]
   247 | D:1      | Reached XP level 2. HP: 12/24 MP: 2/2
   994 | D:1      | Reached XP level 3. HP: 15/29 MP: 3/3
  1526 | D:2      | Reached skill level 4 in Long Blades
  1897 | D:2      | Reached ** piety under Trog
  1998 | D:2      | Found a faded altar of an unknown god.
  2376 | D:2      | Reached XP level 4. HP: 35/35 MP: 4/4
  2671 | D:3      | Noticed OnekoMk1's ghost (amateur DEEE)
  2677 | D:3      | Killed OnekoMk1's ghost
  2677 | D:3      | Reached skill level 5 in Long Blades
  2677 | D:3      | Reached XP level 5. HP: 40/41 MP: 5/5
  2997 | D:3      | Found a hide-covered altar of Uskayaw.
  3419 | D:4      | Reached skill level 6 in Long Blades
  3548 | D:4      | Noticed an ogre
  3552 | D:4      | Killed an ogre
  3552 | D:4      | Gained mutation: You have sharp fingernails. [demonic ancestry]
  3552 | D:4      | Reached XP level 6. HP: 47/47 MP: 6/6
  4020 | D:4      | Reached skill level 7 in Long Blades
  4326 | D:4      | Slain by a killer bee

Vault maps used:
D:1:      erik_arrival_cave_to_civilisation
D:2:      chequers_ecumenical_altar_simple, kennysheep_nub
D:3:      eat_drink_and_be_merry_uskayaw
D:4:      first_ration

Skill      XL: |  1  2  3  4  5  6 |
---------------+-------------------+-----
Long Blades    | 3 4 5 6 7 |  7.1
Fighting       | |  3.0
Armour         | |  1.7
Dodging        | |  1.7

Action                   |  1- 3 |  4- 6 || total
-------------------------+-------+-------++-------
Melee: Falchion          |   123 |   119 ||   242
Invok: Berserk           |     5 |     6 ||    11
       Trog's Hand       |       |     1 ||     1
  Use: Scroll            |     2 |     3 ||     5
       Potion            |       |     5 ||     5
 Stab: Invisible         |       |     1 ||     1
  Eat: Chunk             |     9 |     9 ||    18
       Ration            |       |     1 ||     1
Armor: Animal skin       |    21 |    38 ||    59
Dodge: Dodged            |    84 |    96 ||   180
       Rpst.: Falchion   |    23 |    38 ||    61

Table legend:
 A = Spawn XP
 B = Non-spawn XP
 C = Spawn XP percentage of total XP
 D = Spawn monster count
 E = Non-spawn monster count
 F = Spawn count percentage of total count
 G = Total turns spent on level
                    A         B        C        D         E        F      G
               +---------+---------+-------+---------+---------+-------+---------
         Total |       0 |     652 |   0.0 |       0 |      79 |   0.0 |  4326
               +---------+---------+-------+---------+---------+-------+---------
           D:1 |       0 |      44 |   0.0 |       0 |      25 |   0.0 |  1503
           D:2 |       0 |      58 |   0.0 |       0 |      19 |   0.0 |  1124
           D:3 |       0 |     158 |   0.0 |       0 |      25 |   0.0 |   664
           D:4 |       0 |     392 |   0.0 |       0 |      10 |   0.0 |  1035
               +---------+---------+-------+---------+---------+-------+---------
